 Dungeon Crawl Stone Soup version 0.19-a0-1008-g4c63d25 (webtiles) character file.

824 Implojin the Grappler (level 7, -10/57 HPs)
             Began as a Minotaur Fighter on July 21, 2016.
             Was a Follower of Okawaru.
             Mangled by an orc warrior
             ... wielding a +0 short sword
              (16 damage)
             ... on level 8 of the Dungeon.
             The game lasted 00:05:26 (1018 turns).

Implojin the Grappler (Minotaur Fighter)            Turns: 1018, Time: 00:05:27

Health: -10/57     AC: 12    Str: 21    XL:     7   Next: 64%
Magic:  4/6        EV:  9    Int:  5    God:    Okawaru [*.....]
Gold:   49         SH: 11    Dex: 11    Spells: 0 memorised, 6 levels left

rFire  . . .     SeeInvis .       - Unarmed
rCold  . . .     Gourm    .     u - +0 chain mail
rNeg   . . .     Faith    .     b - +0 shield
rPois  .         Spirit   .     (helmet restricted)
rElec  .         Dismiss  .     m - +0 cloak
rCorr  .         Reflect  .     (no gloves)
SustAt .         Harm     .     (no boots)
MR     .....                    (no amulet)
Stlth  ..........               (no ring)
                                (no ring)

@: heroism, very slightly contaminated, invisible, not resistant to hostile
enchantments, extremely unstealthy
A: retaliatory headbutt, horns 2
a: Heroism, Renounce Religion


You were on level 8 of the Dungeon.
You worshipped Okawaru.
Okawaru was aware of your devotion.
You were hungry.

You visited 2 branches of the dungeon, and saw 9 of its levels.

You collected 49 gold pieces.

Inventory:

Armour
 a - a +0 scale mail
 b - a +0 shield (worn)
 m - a +0 cloak (worn)
 u - a +0 chain mail (worn)
Wands
 r - a wand of iceblast (10/15)
Scrolls
 e - 3 scrolls of identify
 f - 2 scrolls of remove curse {unknown}
 j - a scroll of teleportation {unknown}
 k - 2 scrolls of magic mapping {unknown}
 l - a scroll of blinking {unknown}
 o - a scroll of enchant armour {unknown}
 p - a scroll of noise {unknown}
 s - a scroll of enchant weapon {unknown}
Potions
 h - a potion of curing
 n - a potion of resistance
 q - a potion of heal wounds {unknown}
 t - a potion of agility {unknown}
Comestibles
 c - 6 chunks of flesh
 d - 3 bread rations
 g - 2 meat rations


   Skills:
 - Level 3.6(8.6) Fighting
 - Level 3.6(8.6) Armour
 - Level 3.6(8.6) Shields
 * Level 9.7(14.7) Unarmed Combat


You had 6 spell levels left.
You didn't know any spells.

Dungeon Overview and Level Annotations

Branches:
Dungeon (8/15)             Temple (1/1) D:4
   Lair: D:8-11

Altars:
Elyvilon
Fedhas
Gozag
Kikubaaqudgha
Okawaru
Trog
Uskayaw
Zin

Shops:
D:8 :

Annotations:
D:6 Edmund


Innate Abilities, Weirdness & Mutations

You reflexively headbutt those who attack you in melee.
You have a pair of horns on your head.


Message History

The orc wizard points at you and mumbles some strange words.
The magic dart hits you!
* * * LOW HITPOINT WARNING * * *
You block the orc's attack.
The orc wizard hits you but does no damage.
Unknown command.
You catch the helpless orc wizard completely off-guard!
You hit the orc wizard. Your headbutt misses the orc wizard.
The orc wizard is severely wounded.
The orc wizard gestures at the orc while chanting.
The puff of flame hits the orc.
The orc dies!
You catch the helpless orc wizard completely off-guard!
You hit the orc wizard. You headbutt the orc wizard.
You kill the orc wizard!
Okawaru accepts your kill.
The orc warrior hits you with a short sword!
* * * LOW HITPOINT WARNING * * *
Unknown command.
You see here a scroll labeled JOTAPT FENUED.
Things that are here:
a ring mail; an orc corpse
Okay, then.
You catch the helpless orc warrior completely off-guard!
You hit the orc warrior but do no damage.
You headbutt the orc warrior, but do no damage.
The orc warrior is lightly wounded.
You block the orc warrior's attack.
You barely miss the orc warrior.
The orc warrior is lightly wounded.
You block the orc warrior's attack.
You gain the combat prowess of a mighty hero.
The orc warrior hits you with a short sword.
* * * LOW HITPOINT WARNING * * *
Unknown command.
You hit the orc warrior but do no damage.
You headbutt the orc warrior, but do no damage.
The orc warrior is lightly wounded.
The orc warrior hits you with a short sword!
You die...

########################
#........................
#.........................
#..........................
#...........................
#.........)..................
#........?)..@................
#........)[.o.................
######........................
#........................
#........................
#........................
#.................<......
#........................
#........................


You could see an orc warrior.

Vanquished Creatures
  A hippogriff (D:8)
  An orc warrior (D:8)
  2 ogres
  2 giant frogs
  A howler monkey (D:4)
  2 crimson imps
  An orc wizard (D:8)
  2 orc priests (D:8)
  A giant frog skeleton (D:6)
  A worker ant (D:4)
  A hound zombie (D:5)
  A worker ant zombie (D:7)
  A white imp (D:6)
  The ghost of Implojin the Shield-Bearer, a weakling TrFi (D:4)
  2 orcs
  A ball python (D:4)
  A giant cockroach (D:7)
  2 goblins (D:1)
  A kobold (D:1)
  A quokka (D:5)
  3 bats
  A giant newt (D:4)
30 creatures vanquished.

Vanquished Creatures (others)
  2 orcs (D:8)
2 creatures vanquished.

Grand Total: 32 creatures vanquished

Notes
Turn   | Place    | Note
-------+----------+-------------------------------------------
     0 | D:1      | Implojin the Minotaur Fighter began the quest for the Orb.
     0 | D:1      | Reached XP level 1. HP: 19/19 MP: 0/0
   257 | D:5      | Entered Level 5 of the Dungeon
   266 | D:5      | Reached skill level 3 in Unarmed Combat
   266 | D:5      | Reached XP level 2. HP: 23/26 MP: 1/1
   304 | D:5      | Noticed a giant frog
   312 | D:5      | Killed a giant frog
   312 | D:5      | Reached skill level 5 in Unarmed Combat
   312 | D:5      | Reached XP level 3. HP: 23/31 MP: 2/2
   312 | D:5      | Reached XP level 4. HP: 30/39 MP: 3/3
   430 | D:6      | Reached XP level 5. HP: 44/45 MP: 4/4
   469 | D:6      | Reached skill level 6 in Unarmed Combat
   497 | D:6      | Noticed Edmund
   595 | D:4      | Found a glowing silver altar of Zin.
   645 | D:4      | Reached skill level 7 in Unarmed Combat
   645 | D:4      | Reached XP level 6. HP: 41/51 MP: 5/5
   655 | D:4      | Found a white marble altar of Elyvilon.
   766 | D:4      | Noticed Implojin's ghost (weakling TrFi)
   779 | D:4      | Killed Implojin's ghost
   780 | D:4      | Found a staircase to the Ecumenical Temple.
   790 | Temple   | Entered the Ecumenical Temple
   815 | Temple   | Became a worshipper of Warmaster Okawaru
   882 | D:8      | Found a blossoming altar of Fedhas.
   882 | D:8      | Noticed a hippogriff
   890 | D:8      | Killed a hippogriff
   890 | D:8      | Reached * piety under Okawaru
   890 | D:8      | Reached skill level 8 in Unarmed Combat
   890 | D:8      | Reached XP level 7. HP: 41/57 MP: 6/6
   932 | D:8      | Reached skill level 9 in Unarmed Combat
   962 | D:8      | Found an opulent altar of Gozag.
   964 | D:8      | Found Kune Veu's Book Emporium.
  1018 | D:8      | Mangled by an orc warrior

Vault maps used:
D:1:      nagdon_arrival_double_spiral
D:2:      minitemple, first_bread, bh_chokoban, grunt_qazlal_sundering
D:3:      gammafunk_pakellas_its_alive, uniq_natasha
D:4:      minmay_opposing_rooms, marbit_many_paths, kennysheep_mini_moat
D:5:      led_sif_pool, yredelemnul_altar_generic, kennysheep_little_box,
          kennysheep_mini, uniq_pikel
D:6:      serial_shops, shop_coins, minmay_fire_ice_demons, uniq_edmund
D:7:      nicolae_overflow_hidden_temple
D:8:      lemuel_crystal_altar, grunt_gozag_breadcrumbs, serial_shops,
          nicolae_shop_window_shopping, hangedman_pestilent_swarm,
          fedhas_altar_2
Temple:   nicolae_temple_figure_zero

Skill      XL: |  1  2  3  4  5  6  7 |
---------------+----------------------+-----
Unarmed Combat | 3 5 7 8 9 |  9.7
Fighting       | |  3.6
Armour         | |  3.6
Shields        | |  3.6

Action                   |  1- 3 |  4- 6 |  7- 9 || total
-------------------------+-------+-------+-------++-------
Melee: Unarmed           |    25 |    65 |    24 ||   114
       Headbutt          |     6 |    17 |     8 ||    31
Invok: Heroism           |       |       |     2 ||     2
  Use: Potion            |       |     1 |     1 ||     2
       Scroll            |       |       |     3 ||     3
 Stab: Invisible         |       |       |     4 ||     4
Armor: Scale mail        |    28 |    29 |     1 ||    58
       Chain mail        |       |       |     2 ||     2
Dodge: Dodged            |    18 |    12 |     5 ||    35
Block: Shield            |    13 |    24 |    21 ||    58

Table legend:
 A = Turns spent in this place as a percentage of turns spent in the entire game.
 B = Non-inter-level travel turns spent in this place as a percentage of non-inter-level travel turns spent in the entire game.
 C = Inter-level travel turns spent in this place as a percentage of turns spent in this place.
 D = Turns resting spent in this place as a percentage of non-inter-level travel turns spent in this place.
 E = Turns spent auto-exploring this place as a percentage of non-inter-level travel turns spent in this place.
 F = Non-inter-level travel turns spent in this place divided by the number of levels of this place that you've seen.
                   A       B       C       D       E      F
               +-------+-------+-------+-------+-------+----------------------
         Total | 100.0 | 100.0 |   0.0 |   0.0 |   0.0 | 114.6
       Dungeon |  96.6 |  96.6 |   0.0 |   0.0 |   0.0 | 124.5
        Temple |   3.4 |   3.4 |   0.0 |   0.0 |   0.0 |  35.0
               +-------+-------+-------+-------+-------+----------------------

Table legend:
 A = Kills in this place as a percentage of kills in entire the game.
 B = Kills by you in this place as a percentage of kills by you in the entire game.
 C = Kills by friends in this place as a percentage of kills by friends in the entire game.
 D = Other kills in this place as a percentage of other kills in the entire game.
 E = Experience gained in this place as a percentage of experience gained in the entire game.
 F = Experience gained in this place divided by the number of levels of this place that you have seen.
                   A       B       C       D       E      F
               +-------+-------+-------+-------+-------+----------------------
         Total | 100.0 | 100.0 |  -nan |  -nan | 100.0 | 130.9
       Dungeon | 100.0 | 100.0 |  -nan |  -nan | 100.0 | 147.2
               +-------+-------+-------+-------+-------+----------------------
